 Dungeon Crawl Stone Soup version 0.21-a0 (webtiles) character file.

11257 JeffiDaFish the Basher (level 11, -17/68 HPs)
             Began as a Gargoyle Fighter on May 18, 2017.
             Was the Champion of Okawaru.
             Demolished by a sun demon (18 damage)
             ... in a volcano.
             The game lasted 00:18:46 (9350 turns).

JeffiDaFish the Basher (Gargoyle Fighter)           Turns: 9350, Time: 00:18:47

Health: -17/68     AC: 30    Str: 20    XL:     11   Next: 74%
Magic:  11/11      EV:  6    Int: 11    God:    Okawaru [******]
Gold:   433        SH: 11    Dex: 12    Spells: 10/10 levels left

rFire    . . .     SeeInvis .   q - +5 morningstar (elec)
rCold    + . .     Gourm    .   c - +0 shield
rNeg     + . .     Faith    .   t - +0 plate armour
rPois    ∞         Spirit   .   (no helmet)
rElec    +         Reflect  .   j - +1 cloak of Panentheism {Str+2 Slay+3}
rCorr    .         Harm     .   i - +1 pair of gloves
MR       .....                  x - +0 pair of boots
Stlth    ..........             (no amulet)
Regen    0.3/turn               m - ring of protection from cold
MPRegen  0.2/turn               b - +3 ring of protection

@: no status effects
A: clever 1, negative energy resistance 1, electricity resistance, weak 1,
unbreathing, petrification resistance, rot immunity, AC +7
a: Heroism, Finesse, Renounce Religion


You were in a volcano.
You worshipped Okawaru.
Okawaru was exalted by your worship.
You were very hungry.

You visited 3 branches of the dungeon, and saw 11 of its levels.
You also visited: Volcano.

You collected 469 gold pieces.
You spent 36 gold pieces at shops.

Inventory:

Hand Weapons
 q - a +5 morningstar of electrocution (weapon)
Armour
 c - a +0 shield (worn)
 i - a +1 pair of gloves (worn)
 j - the +1 cloak of Panentheism (worn) {Str+2 Slay+3}
   (You found it on level 4 of the Dungeon)

   It affects your strength (+2).
   It affects your accuracy and damage with ranged weapons and melee attacks
   (+3).
 t - a +0 plate armour (worn)
 x - a +0 pair of boots (worn)
Jewellery
 b - a +3 ring of protection (right hand)
 m - a ring of protection from cold (left hand)
 u - an uncursed ring of resist corrosion
Scrolls
 d - 3 scrolls of amnesia
 e - 7 scrolls of identify
 r - 3 scrolls of remove curse
 w - a scroll of blinking
 y - a scroll of fog
 A - 3 scrolls of fear
Potions
 a - 4 potions of might
 l - a potion of haste
 n - a potion of brilliance
 v - a potion of flight
Books
 o - the Compendium of Supportive Transmigration
   (You found it on level 2 of the Dungeon)

   Spells                             Type                      Level
   a - Beastly Appendage              Transmutation                1
   b - Call Imp                       Summoning                    2
   c - Sticks to Snakes               Transmutation                2
   d - Summon Guardian Golem          Hexes/Summoning              3
   e - Summon Lightning Spire         Summoning/Air                4
   f - Summon Hydra                   Summoning                    7
 p - a book of Enchantments

   Spells                             Type                      Level
   a - Cause Fear                     Hexes                        4
   b - Yara's Violent Unravelling     Hexes/Transmutation          5
   c - Silence                        Hexes/Air                    5
   d - Deflect Missiles               Charms/Air                   6
   e - Discord                        Hexes                        8
Comestibles
 f - 7 bread rations
 g - 4 fruits
 h - 2 royal jellies
 k - 6 meat rations


   Skills:
 + Level 8.2 Fighting
 + Level 12.6 Maces & Flails
 + Level 8.3 Armour
 + Level 2.1 Dodging
 + Level 2.9 Stealth
 + Level 9.3 Shields


You had 10 spell levels left.
You didn't know any spells.

Dungeon Overview and Level Annotations

Branches:
Dungeon (9/15)             Temple (1/1) D:5            Lair (1/6) D:9
    Orc: D:9-12

Altars:
Ashenzari
Cheibriados
Dithmenos
Gozag
Hepliaklqana
Kikubaaqudgha
Okawaru
Qazlal
Ru
Trog
Uskayaw
Wu Jian
Xom
Yredelemnul
The Shining One

Shops:
D:5 %   D:7 *


Innate Abilities, Weirdness & Mutations

You are resistant to torment.
Your stone body is resilient. (AC +7)
You are immune to poison.
You resist negative energy. (rN+)
You are resistant to electric shocks. (rElec)
You can survive without breathing.
You are immune to petrification.
You are immune to rotting.
Your mind is acute. (Int +2)
You are weak. (Str -2)


Message History

The hell hound breathes flames at you.
The blast of flame hits the sun demon.
The sun demon completely resists.
The blast of flame hits you! You block the sun demon's attack.
You closely miss the sun demon.
The sun demon is moderately wounded.
The sun demon hits you.
You are engulfed in flames!
You hit the sun demon but do no damage.
The sun demon is moderately wounded.
The sun demon hits you but does no damage.
You hit the sun demon.
The sun demon is heavily wounded.
The sun demon hits you!
You are engulfed in flames!
The sun demon hits you.
You are engulfed in flames!
* * * LOW HITPOINT WARNING * * *
You thump the sun demon!
The sun demon is severely wounded.
The sun demon hits you!
* * * LOW HITPOINT WARNING * * *
You are engulfed in flames!!
You die...

≈≈≈≈≈§§≈≈§§§≈≈≈§≈≈≈≈≈§≈≈§≈§§≈≈≈§≈
≈≈≈≈§§§≈≈.≈≈≈≈≈§§§§≈≈≈§§§§≈§≈≈≈§≈
≈≈≈≈≈§........§........≈≈≈≈≈≈§§
#####'########§§§§≈§§§ #.#
#§≈≈≈≈≈§§ #.# #.≈≈≈≈§§≈ #.#
#.≈≈§≈§≈≈ #.# #.§≈§≈≈≈≈
#@#.######§≈≈§≈§≈§
#3#......#§≈≈§≈≈≈≈
#u###++###§≈§≈≈≈§≈ .h. #.≈§≈≈≈≈≈
≈§≈§§≈§.# .8_8. #.≈§≈≈≈§≈
≈§§≈≈≈§.# +.....+ #..≈≈≈§≈§
≈§§≈≈≈≈§#################.§≈≈≈≈§§
≈§≈≈§≈.§§§...§...........§≈≈≈≈§≈≈
≈§≈≈≈≈≈§§≈≈.§≈≈.§.≈§≈§§≈≈§≈≈§≈≈≈≈


You could see a red ugly thing, a sun demon and a hell hound.

Vanquished Creatures
  3 two-headed ogres
  Pikel (D:7)
  2 ugly things
  A komodo dragon (Lair:1)
  3 blink frogs (Lair:1)
  Prince Ribbit (Lair:1)
  A hippogriff (D:9)
  Sigmund (D:3)
  10 yaks
  A wyvern (D:9)
  Eustachio (D:4)
  2 fire bats (Volcano)
  A hungry ghost (D:9)
  Menkaure (D:4)
  A steam dragon (D:2)
  2 water moccasins (Lair:1)
  2 orc warriors (D:9)
  An ice beast (D:7)
  3 sky beasts
  A slave (D:7)
  10 ogres
  2 phantoms
  2 necrophages
  3 centaurs
  A crocodile (Lair:1)
  A wyvern zombie (D:9)
  4 bullfrogs
  2 scorpions (D:9)
  A howler monkey (D:9)
  4 wights (D:6)
  2 bullfrog zombies
  3 electric eels (D:8)
  8 lava snakes (Volcano)
  A crimson imp (D:9)
  A centaur zombie (D:7)
  2 hounds
  5 orc priests
  A centaur skeleton (D:5)
  8 orc wizards
  2 bullfrog skeletons
  Terence (D:2)
  2 iguanas
  Natasha (thrice) (D:4 D:6)
  7 worker ants
  4 hound zombies
  A gnoll (D:4)
  A howler monkey skeleton (D:4)
  10 adders
  2 shadow imps (D:6)
  An ooze (D:6)
  An adder skeleton (D:5)
  An adder zombie (D:5)
  7 worms
  6 leopard geckos
  25 orcs
  5 bats
  5 giant cockroaches
  4 goblins
  9 hobgoblins
  10 jackals
  6 quokkas
  7 frilled lizards
  3 kobolds
  A quokka skeleton (D:5)
  3 rats
  A spectral orc (D:4)
228 creatures vanquished.

Vanquished Creatures (others)
  2 jackals (D:8)
  A rat (D:2)
3 creatures vanquished.

Grand Total: 231 creatures vanquished

Notes
Turn   | Place    | Note
-------+----------+-------------------------------------------
     0 | D:1      | JeffiDaFish the Gargoyle Fighter began the quest for the Orb.
     0 | D:1      | Reached XP level 1. HP: 14/14 MP: 1/1
   102 | D:1      | You fall through a shaft!
   146 | D:1      | Reached XP level 2. HP: 18/19 MP: 2/2
   625 | D:2      | Noticed a steam dragon
   634 | D:2      | Found an ornate altar of the Wu Jian Council.
   647 | D:2      | Reached XP level 3. HP: 23/23 MP: 3/3
   968 | D:2      | Reached XP level 4. HP: 26/29 MP: 4/4
  1410 | D:3      | Noticed Terence
  1424 | D:2      | Killed Terence
  1424 | D:2      | Reached skill level 3 in Maces & Flails
  1528 | D:3      | Found a shadowy altar of Dithmenos.
  1589 | D:3      | Reached XP level 5. HP: 33/33 MP: 5/5
  1869 | D:3      | Found an opulent altar of Gozag.
  1976 | D:3      | Noticed Sigmund
  1998 | D:3      | Killed Sigmund
  1998 | D:3      | Reached skill level 4 in Maces & Flails
  1998 | D:3      | Reached XP level 6. HP: 21/38 MP: 6/6
  2240 | D:4      | Noticed Natasha
  2253 | D:4      | Reached skill level 1 in Stealth
  2258 | D:4      | Reached skill level 5 in Shields
  2266 | D:4      | Killed Natasha
  2266 | D:4      | Reached XP level 7. HP: 28/43 MP: 7/7
  2368 | D:4      | Reached skill level 5 in Maces & Flails
  2481 | D:4      | Got a pitted cloak
  2487 | D:4      | Identified the +1 cloak of Panentheism {Str+2 Slay+3} (You found it on level 4 of the Dungeon)
  2508 | D:4      | Noticed Eustachio
  2523 | D:4      | Killed Eustachio
  2545 | D:4      | Noticed Menkaure
  2550 | D:4      | Killed Menkaure
  2550 | D:4      | Reached skill level 5 in Armour
  2550 | D:4      | Reached XP level 8. HP: 32/48 MP: 8/8
  2757 | D:2      | Reached skill level 6 in Maces & Flails
  2779 | D:2      | Identified the Compendium of Supportive Transmigration
  2866 | D:5      | Entered Level 5 of the Dungeon
  2868 | D:5      | Found a shimmering altar of Xom.
  2887 | D:4      | Reached skill level 1 in Dodging
  2971 | D:4      | Found a basalt altar of Yredelemnul.
  3082 | D:4      | Found a hazy altar of Hepliaklqana.
  3218 | D:4      | Found an ancient bone altar of Kikubaaqudgha.
  3350 | D:5      | Found a glowing golden altar of the Shining One.
  3358 | D:5      | Found a shattered altar of Ashenzari.
  3360 | D:5      | Found an iron altar of Okawaru.
  3369 | D:5      | Became a worshipper of Warmaster Okawaru
  3441 | D:5      | Reached skill level 5 in Fighting
  3449 | D:5      | Reached skill level 7 in Maces & Flails
  3653 | D:5      | Found a large runed door.
  3655 | D:5      | Found a large runed door.
  3735 | D:5      | Found a shimmering altar of Xom.
  3735 | D:5      | Found a shimmering altar of Xom.
  3736 | D:5      | Found a shimmering altar of Xom.
  3737 | D:5      | Found a shimmering altar of Xom.
  3737 | D:5      | Found a shimmering altar of Xom.
  3739 | D:5      | Found a shimmering altar of Xom.
  3888 | D:5      | Found a large runed door.
  3888 | D:5      | Found a large runed door.
  3895 | D:5      | Reached * piety under Okawaru
  3905 | D:5      | Noticed a purple ugly thing
  3919 | D:5      | Killed a purple ugly thing
  3919 | D:5      | Reached skill level 8 in Maces & Flails
  3919 | D:5      | Reached XP level 9. HP: 37/54 MP: 9/9
  4214 | D:5      | Found a staircase to the Ecumenical Temple.
  4225 | Temple   | Entered the Ecumenical Temple
  4264 | D:5      | Reached ** piety under Okawaru
  4332 | D:5      | Found Arpheppy's Food Shoppe.
  4502 | D:6      | Noticed Natasha
  4508 | D:6      | Killed Natasha
  4524 | D:6      | Identified a scroll of acquirement
  4753 | D:6      | Gained mutation: You are weak. (Str -2) [potion of mutation]
  4753 | D:6      | Gained mutation: Your mind is acute. (Int +2) [potion of mutation]
  4905 | D:6      | Noticed Natasha
  4917 | D:6      | Killed Natasha
  5205 | D:6      | Found a hide-covered altar of Uskayaw.
  5210 | D:6      | Reached skill level 9 in Maces & Flails
  6243 | D:7      | Reached XP level 10. HP: 60/60 MP: 10/10
  6278 | D:7      | Found Xaumaefa's Assorted Antiques.
  6283 | D:7      | Bought a scroll labeled DEOJEGHIJUC for 18 gold pieces
  6283 | D:7      | Bought a scroll labeled CAUZXO DEWEGO for 18 gold pieces
  6318 | D:7      | Reached *** piety under Okawaru
  6569 | D:7      | Noticed Pikel
  6577 | D:7      | Killed Pikel
  6577 | D:7      | Reached skill level 10 in Maces & Flails
  7279 | D:8      | Noticed a two-headed ogre
  7287 | D:8      | Killed a two-headed ogre
  7287 | D:8      | Reached **** piety under Okawaru
  7634 | D:9      | Reached ***** piety under Okawaru
  7648 | D:9      | Reached skill level 11 in Maces & Flails
  7718 | D:9      | Received a gift from Okawaru
  7772 | D:9      | Reached XP level 11. HP: 67/67 MP: 11/11
  7784 | D:9      | Noticed a two-headed ogre
  7789 | D:9      | Killed a two-headed ogre
  7844 | D:9      | Noticed a moth of wrath
  7846 | D:9      | Found a bloodstained altar of Trog.
  8188 | D:9      | Found a staircase to the Lair.
  8277 | D:9      | Noticed a two-headed ogre
  8280 | D:9      | Killed a two-headed ogre
  8382 | D:9      | Reached skill level 12 in Maces & Flails
  8470 | Lair:1   | Entered Level 1 of the Lair of Beasts
  8470 | Lair:1   | Noticed Prince Ribbit
  8489 | Lair:1   | Killed Prince Ribbit
  8843 | Lair:1   | Found a dark tunnel.
  8853 | Volcano  | Entered a volcano
  8940 | Volcano  | Reached ****** piety under Okawaru
  9268 | Volcano  | Received a gift from Okawaru
  9327 | Volcano  | Found a bloodstained altar of Trog.
  9327 | Volcano  | Noticed a red ugly thing
  9327 | Volcano  | Noticed a sun demon
  9327 | Volcano  | Noticed a red ugly thing
  9344 | Volcano  | Killed a red ugly thing
  9344 | Volcano  | Received a gift from Okawaru
  9350 | Volcano  | HP: 1/68 [sun demon (13)]
  9350 | Volcano  | Demolished by a sun demon

Vault maps used:
D:1:      tarquinn_simple_flora_water_e
D:2:      kennysheep_six_static_rooms, gammafunk_temple_overflow_arena,
          first_bread
D:3:      wad_pebble_path, nicolae_dithmenos_through_a_glass_darkly,
          grunt_gozag_breadcrumbs, uniq_terence, uniq_sigmund
D:4:      kiku_gazebo_garden_becter, kennysheep_mini_moat,
          yredelemnul_forgotten_temple_becter, uniq_eustachio, uniq_natasha,
          uniq_menkaure
D:5:      nicolae_xom_altar_mimics, nicolae_overflow_hidden_temple,
          grunt_temple_overflow_open, temple_pool_b, serial_shops, shop,
          minmay_hollow_rounded_squares
D:6:      kennysheep_mini
D:7:      serial_shops, kennysheep_little_box, kennysheep_potato, uniq_pikel
D:8:      serial_bayou, serial_bayou_crossing, serial_bayou_lagoon_a,
          serial_bayou_pond_e, serial_bayou_ford_a
D:9:      tgw_trog, dpeg_oklobed_lair
Temple:   zaba_magenta_temple
Lair:1:   nicolae_volcano_entry_hallway, beast_lair_carwin_11,
          uniq_prince_ribbit2
Volcano:  volcano_lake

Skill      XL: |  1  2  3  4  5  6  7  8  9 10 11 |
---------------+----------------------------------+-----
Maces & Flails | 3 4 5 8 9 11 12 | 12.6
Armour         | 4 5 6 7 8 |  8.3
Shields        | 4 5 6 7 8 9 |  9.3
Fighting       | 4 5 6 7 8 |  8.2
Stealth        | 1 2 |  2.9
Dodging        | 1 2 |  2.1

Action                   |  1- 3 |  4- 6 |  7- 9 | 10-12 || total
-------------------------+-------+-------+-------+-------++-------
Melee: Flail             |   106 |   117 |    14 |       ||   237
       Morningstar       |       |       |   247 |   289 ||   536
  Use: Scroll            |     3 |     4 |    10 |     6 ||    23
       Potion            |     3 |     3 |     6 |     1 ||    13
 Stab: Invisible         |       |     3 |       |       ||     3
  Eat: Chunk             |       |     5 |    13 |    11 ||    29
Armor: Chain mail        |    57 |   104 |   109 |       ||   270
       Scale mail        |     3 |       |       |       ||     3
       Plate armour      |       |       |    29 |   165 ||   194
Dodge: Dodged            |    28 |    28 |    51 |    60 ||   167
Block: Shield            |    63 |    76 |   116 |   149 ||   404
